TOP OF THE 1ST |
---|
Casper Ghosts batting - Pitching for Red Deer Wranglers : RHP Michael Walton | Pitching: RHP Michael Walton | | Batting: RHB Troy Reed | 0-0: Called Strike 0-1: Ball 1-1: DOUBLE (Line Drive, 78S) | Batting: RHB Robert Acosta | 0-0: Ball Troy Reed steals 3rd base 1-0: Called Strike 1-1: Ball 2-1: Ball 3-1: Fly out, F9 (Flyball, 9) Runner from 3rd tags up, OUT at HOME | Batting: RHB Paul Richard | 0-0: Ball 1-0: Foul Ball, location: 2F 1-1: TRIPLE (Flyball, 89XD) | Batting: LHB Luis Rodríguez | 0-0: Foul Ball, location: 2F 0-1: Fly out, F8 (Flyball, 8LXD) | Top of the 1st over - 0 runs, 2 hits, 0 errors, 1 left on base; Casper 0 - Red Deer 0 | BOTTOM OF THE 1ST |
---|
Red Deer Wranglers batting - Pitching for Casper Ghosts : RHP Nicholas Becker | Pitching: RHP Nicholas Becker | | Batting: RHB Julián García | 0-0: Ground out 6-3 (Groundball, 56D) | Batting: RHB Xavier López | 0-0: Called Strike 0-1: Swinging Strike 0-2: Ball 1-2: Strikes out swinging | Batting: LHB Edgar López | 0-0: Ball 1-0: DOUBLE (Flyball, 9LD) | Batting: LHB Jorge Olvera | 0-0: Foul Ball, location: 2F 0-1: Foul Ball, location: 2F 0-2: Foul Ball, location: 2F 0-2: Strikes out looking | Bottom of the 1st over - 0 runs, 1 hit, 0 errors, 1 left on base; Casper 0 - Red Deer 0 | TOP OF THE 2ND |
---|
Casper Ghosts batting - Pitching for Red Deer Wranglers : RHP Michael Walton | Batting: LHB Ramón Córdova | 0-0: Ground out 3-1 (Groundball, 34S) | Batting: LHB Ronald Gordon | 0-0: Swinging Strike 0-1: Foul Ball, location: 2F 0-2: Ball 1-2: Foul Ball, location: 2F 1-2: Strikes out swinging | Batting: SHB José González | 0-0: Ball 1-0: Foul Ball, location: 2F 1-1: Ball 2-1: Swinging Strike 2-2: Foul Ball, location: 2F 2-2: Fly out, F8 (Line Drive, 8LD) | Top of the 2nd over - 0 runs, 0 hits, 0 errors, 0 left on base; Casper 0 - Red Deer 0 | BOTTOM OF THE 2ND |
---|
Red Deer Wranglers batting - Pitching for Casper Ghosts : RHP Nicholas Becker | Batting: RHB Pedro Cabrera | 0-0: Called Strike 0-1: Ball 1-1: Foul Ball, location: 2F 1-2: Fly out, F8 (Flyball, 8RXD) | Batting: RHB Joe Lewis | 0-0: Ball 1-0: Foul Ball, location: 2F 1-1: Foul Ball, location: 2F 1-2: Strikes out swinging | Batting: RHB Steve Burton | 0-0: Ball 1-0: Called Strike 1-1: Called Strike 1-2: Foul Ball, location: 2F 1-2: SINGLE (Line Drive, 89M) | Batting: LHB Héctor Santos | 0-0: Called Strike 0-1: Ground out 4-3 (Groundball, 4) | Bottom of the 2nd over - 0 runs, 1 hit, 0 errors, 1 left on base; Casper 0 - Red Deer 0 | TOP OF THE 3RD |
---|
Casper Ghosts batting - Pitching for Red Deer Wranglers : RHP Michael Walton | Batting: RHB Miguel Toro | 0-0: Ground out 6-3 (Groundball, 6) | Batting: RHB Hunter Plunket | 0-0: SINGLE (Groundball, 56D) | Batting: RHB Troy Reed | 0-0: Ball 1-0: Ball 2-0: Called Strike 2-1: Ball 3-1: Foul Ball, location: 2F 3-2: Strikes out swinging | Batting: RHB Robert Acosta | 0-0: Called Strike 0-1: Ball 1-1: Fly out, F8 (Line Drive, 8LD) | Top of the 3rd over - 0 runs, 1 hit, 0 errors, 1 left on base; Casper 0 - Red Deer 0 | BOTTOM OF THE 3RD |
---|
Red Deer Wranglers batting - Pitching for Casper Ghosts : RHP Nicholas Becker | Batting: RHB Ricardo González | 0-0: Foul Ball, location: 2F 0-1: Ground out 6-3 (Groundball, 6) | Batting: RHB Julián García | 0-0: Ball 1-0: SINGLE (Groundball, 4D) | Batting: RHB Xavier López | 0-0: Ball 1-0: Ball 2-0: Grounds into double play, 5-4-3 (Groundball, 5) | Bottom of the 3rd over - 0 runs, 1 hit, 0 errors, 0 left on base; Casper 0 - Red Deer 0 | TOP OF THE 4TH |
---|
Casper Ghosts batting - Pitching for Red Deer Wranglers : RHP Michael Walton | Batting: RHB Paul Richard | 0-0: Called Strike 0-1: Foul Ball, location: 2F 0-2: Strikes out swinging | Batting: LHB Luis Rodríguez | 0-0: Ball 1-0: Ball 2-0: Ball 3-0: Called Strike 3-1: Swinging Strike 3-2: Foul Ball, location: 2F 3-2: Fly out, F6 (Line Drive, 6MD) | Batting: LHB Ramón Córdova | 0-0: Ball 1-0: Ball 2-0: Ball 3-0: Base on Balls | Batting: LHB Ronald Gordon | 0-0: Ball 1-0: Called Strike 1-1: Ball 2-1: Foul Ball, location: 2F 2-2: Foul Ball, location: 2F 2-2: Foul Ball, location: 2F 2-2: Strikes out swinging | Top of the 4th over - 0 runs, 0 hits, 0 errors, 1 left on base; Casper 0 - Red Deer 0 | BOTTOM OF THE 4TH |
---|
Red Deer Wranglers batting - Pitching for Casper Ghosts : RHP Nicholas Becker | Batting: LHB Edgar López | 0-0: Ball 1-0: Ball 2-0: Ground out 4-3 (Groundball, 4) | Batting: LHB Jorge Olvera | 0-0: Ball 1-0: Called Strike 1-1: Ball 2-1: Ball 3-1: Base on Balls | Batting: RHB Pedro Cabrera | 0-0: Ball 1-0: Ball 2-0: Ball 3-0: Called Strike 3-1: Base on Balls Jorge Olvera to second | Batting: RHB Joe Lewis | 0-0: Ball Passed Ball! Jorge Olvera to third Pedro Cabrera to second 1-0: Called Strike 1-1: Ball 2-1: Ball 3-1: Foul Ball, location: 2F 3-2: Foul Ball, location: 2F 3-2: Foul Ball, location: 2F 3-2: Base on Balls | Batting: RHB Steve Burton | 0-0: Ball 1-0: Foul Ball, location: 2F 1-1: SINGLE (Groundball, 6MD) Jorge Olvera scores Pedro Cabrera to third Joe Lewis to second Runner from 3rd tries for Home, SAFE, no throw | Batting: LHB Héctor Santos | 0-0: Fly out, F4 (Popup, 13S) | Batting: RHB Ricardo González | 0-0: Swinging Strike 0-1: Called Strike 0-2: Fly out, F9 (Flyball, 9S) | Bottom of the 4th over - 2 runs, 1 hit, 0 errors, 2 left on base; Casper 0 - Red Deer 2 | TOP OF THE 5TH |
---|
Casper Ghosts batting - Pitching for Red Deer Wranglers : RHP Michael Walton | Batting: SHB José González | 0-0: Called Strike 0-1: Ball 1-1: Ball 2-1: Ball 3-1: Base on Balls | Batting: RHB Miguel Toro | 0-0: Called Strike 0-1: Fly out, F8 (Flyball, 8LS) | Batting: RHB Hunter Plunket | 0-0: Ball 1-0: Ball 2-0: Called Strike 2-1: Called Strike 2-2: SINGLE (Line Drive, 6M) José González to second Runner from 2nd tries for 3rd, SAFE, no throw | Batting: RHB Troy Reed | 0-0: Called Strike 0-1: TRIPLE (Line Drive, 78XD) José González scores Hunter Plunket scores | Batting: RHB Robert Acosta | 0-0: Called Strike 0-1: Called Strike 0-2: Ball 1-2: Foul Ball, location: 2F 1-2: Ball 2-2: Foul Ball, location: 2F 2-2: Foul Ball, location: 2F 2-2: Ball 3-2: Fly out, F5 (Line Drive, 5S) | Batting: RHB Paul Richard | 0-0: Called Strike 0-1: Ball 1-1: Ball 2-1: Foul Ball, location: 2F 2-2: SINGLE (Groundball, 6MD) Troy Reed scores | Batting: LHB Luis Rodríguez | 0-0: SINGLE (Flyball, 78M) Paul Richard to second Runner from 2nd tries for 3rd, SAFE, no throw | Batting: LHB Ramón Córdova | 0-0: Ball 1-0: Swinging Strike 1-1: Swinging Strike 1-2: SINGLE (Line Drive, 34) Paul Richard scores Luis Rodríguez to second | Pitching: LHP Macy Catron | | Batting: LHB Ronald Gordon | 0-0: Ground out U3 (Groundball, 3) | Top of the 5th over - 4 runs, 5 hits, 0 errors, 2 left on base; Casper 4 - Red Deer 2 | BOTTOM OF THE 5TH |
---|
Red Deer Wranglers batting - Pitching for Casper Ghosts : RHP Nicholas Becker | Batting: RHB Julián García | 0-0: Foul Ball, location: 2F 0-1: Ball 1-1: Ground out 4-3 (Groundball, 4) | Batting: RHB Xavier López | 0-0: Ball 1-0: Foul Ball, location: 2F 1-1: Ball 2-1: Ball 3-1: Base on Balls | Batting: LHB Edgar López | 0-0: Foul Ball, location: 2F 0-1: Called Strike 0-2: Ball 1-2: Strikes out swinging | Batting: LHB Jorge Olvera | 0-0: Ball 1-0: Ball 2-0: Ball 3-0: Base on Balls Xavier López to second | Batting: RHB Pedro Cabrera | 0-0: Called Strike 0-1: Foul Ball, location: 2F 0-2: Ball 1-2: Strikes out swinging | Bottom of the 5th over - 0 runs, 0 hits, 0 errors, 2 left on base; Casper 4 - Red Deer 2 | TOP OF THE 6TH |
---|
Casper Ghosts batting - Pitching for Red Deer Wranglers : LHP Macy Catron | Batting: SHB José González | 0-0: Swinging Strike 0-1: Ground out 4-3 (Groundball, 4) | Batting: RHB Miguel Toro | 0-0: Fly out, F8 (Line Drive, 8RS) | Batting: RHB Hunter Plunket | 0-0: Ball 1-0: Ground out 6-3 (Groundball, 6MS) | Top of the 6th over - 0 runs, 0 hits, 0 errors, 0 left on base; Casper 4 - Red Deer 2 | BOTTOM OF THE 6TH |
---|
Red Deer Wranglers batting - Pitching for Casper Ghosts : RHP Nicholas Becker | Batting: RHB Joe Lewis | 0-0: Ball 1-0: Foul Ball, location: 2F 1-1: Ball 2-1: Fly out, F9 (Line Drive, 9) | Batting: RHB Steve Burton | 0-0: Called Strike 0-1: Ball 1-1: Called Strike 1-2: Foul Ball, location: 2F 1-2: Strikes out swinging | Batting: LHB Héctor Santos | 0-0: Called Strike 0-1: Ball 1-1: Ball 2-1: Ball 3-1: SINGLE (Groundball, 34D) | Batting: RHB Ricardo González | 0-0: Called Strike 0-1: Ball 1-1: Foul Ball, location: 2F 1-2: Strikes out looking | Bottom of the 6th over - 0 runs, 1 hit, 0 errors, 1 left on base; Casper 4 - Red Deer 2 | TOP OF THE 7TH |
---|
Casper Ghosts batting - Pitching for Red Deer Wranglers : LHP Macy Catron | Batting: RHB Troy Reed | 0-0: Ball 1-0: Ground out 4-3 (Groundball, 4) | Batting: RHB Robert Acosta | 0-0: Swinging Strike 0-1: Fly out, F6 (Line Drive, 6) | Batting: RHB Paul Richard | 0-0: Called Strike 0-1: Ball 1-1: Ball 2-1: SINGLE (Groundball, 6MD) | Batting: LHB Luis Rodríguez | 0-0: Ball Paul Richard steals 2nd base 1-0: Ball 2-0: Called Strike 2-1: Ball 3-1: Called Strike 3-2: Strikes out swinging | Top of the 7th over - 0 runs, 1 hit, 0 errors, 1 left on base; Casper 4 - Red Deer 2 | BOTTOM OF THE 7TH |
---|
Red Deer Wranglers batting - Pitching for Casper Ghosts : RHP Nicholas Becker | Pitching: RHP Derrick Hall | | Batting: RHB Julián García | 0-0: Ball 1-0: Ground out 1-3 (Groundball, 15) | Batting: RHB Xavier López | 0-0: Foul Ball, location: 2F 0-1: Ball 1-1: Called Strike 1-2: Ball 2-2: Strikes out swinging | Pitching: LHP Pablo Solíz | | Batting: LHB Edgar López | 0-0: Ball 1-0: Fly out, F7 (Flyball, 78M) | Bottom of the 7th over - 0 runs, 0 hits, 0 errors, 0 left on base; Casper 4 - Red Deer 2 | TOP OF THE 8TH |
---|
Casper Ghosts batting - Pitching for Red Deer Wranglers : LHP Macy Catron | Batting: LHB Ramón Córdova | 0-0: Swinging Strike 0-1: Ball 1-1: Ball 2-1: Ball 3-1: Foul Ball, location: 2F 3-2: SINGLE (Flyball, 7S) | Batting: LHB Ronald Gordon | 0-0: Foul Ball, location: 2F 0-1: Ball 1-1: Ball 2-1: Hit by Pitch Ramón Córdova to second | Batting: SHB José González | 0-0: Foul Ball, location: 2F 0-1: Foul Ball, location: 2F 0-2: Strikes out swinging | Batting: RHB Miguel Toro | 0-0: Foul Ball, location: 2F 0-1: Ball 1-1: Ball 2-1: Swinging Strike 2-2: Strikes out looking | Batting: RHB Hunter Plunket | 0-0: Ball 1-0: Ball 2-0: Called Strike 2-1: Ball 3-1: Called Strike 3-2: Strikes out looking | Top of the 8th over - 0 runs, 1 hit, 0 errors, 2 left on base; Casper 4 - Red Deer 2 | BOTTOM OF THE 8TH |
---|
Red Deer Wranglers batting - Pitching for Casper Ghosts : LHP Pablo Solíz | Batting: LHB Jorge Olvera | 0-0: Ball 1-0: DOUBLE (Flyball, 9LD) | Pitching: RHP Valentín Mejía | | Batting: RHB Pedro Cabrera | 0-0: Foul Ball, location: 2F 0-1: Ground out 6-3 (Groundball, 6) | Batting: RHB Joe Lewis | 0-0: Foul Ball, location: 2F 0-1: Ball 1-1: Ground out 6-3 (Groundball, 6M) Jorge Olvera to third | Batting: RHB Steve Burton | 0-0: Called Strike 0-1: Ball 1-1: Foul Ball, location: 2F 1-2: SINGLE (Flyball, 4D) Jorge Olvera scores | Pitching: RHP José Padilla | | Batting: LHB Héctor Santos | 0-0: Ground out 1-3 (Groundball, 13) | Bottom of the 8th over - 1 run, 2 hits, 0 errors, 1 left on base; Casper 4 - Red Deer 3 | TOP OF THE 9TH |
---|
Casper Ghosts batting - Pitching for Red Deer Wranglers : LHP Macy Catron | Pitching: RHP Raúl Zumaya | | Batting: RHB Troy Reed | 0-0: Swinging Strike 0-1: Ground out 4-3 (Groundball, 4) | Batting: RHB Robert Acosta | 0-0: Ball 1-0: SINGLE (Groundball, 6MD) | Batting: RHB Paul Richard | 0-0: Foul Ball, location: 2F 0-1: Swinging Strike 0-2: Ball 1-2: Strikes out swinging | Batting: LHB Luis Rodríguez | 0-0: Foul Ball, location: 2F 0-1: Called Strike 0-2: Foul Ball, location: 2F 0-2: Ball 1-2: Hit by Pitch Robert Acosta to second | Batting: LHB Ramón Córdova | 0-0: Ground out 4-3 (Groundball, 4MD) | Top of the 9th over - 0 runs, 1 hit, 0 errors, 2 left on base; Casper 4 - Red Deer 3 | BOTTOM OF THE 9TH |
---|
Red Deer Wranglers batting - Pitching for Casper Ghosts : RHP José Padilla | Pitching: RHP Pablo Lima | | Pinch Hitting: SHB Robbie Rhodes | 0-0: Called Strike 0-1: Foul Ball, location: 2F 0-2: Ball 1-2: Fly out, F7 (Flyball, 78D) | Batting: RHB Julián García | 0-0: Foul Ball, location: 2F 0-1: SINGLE (Groundball, 5S) (infield hit) | Batting: RHB Xavier López | 0-0: Called Strike 0-1: Ball 1-1: Ball 2-1: Called Strike 2-2: Foul Ball, location: 2F 2-2: 2-RUN HOME RUN (Flyball, 7D), Distance : 343 ft | Saturday, December 16th, 2017 - OOTP Baseball 18.8 Build 76 |
|